 Dungeon Crawl Stone Soup version 0.20-a0-792-g09bcfd3 (webtiles) character file.

149 GlassEater the Poker (level 5, -4/63 HPs)
             Began as a Merfolk Monk on Mar 2, 2017.
             Slain by an orc
             ... wielding a +0 short sword
              (5 damage)
             ... on level 4 of the Dungeon.
             The game lasted 00:05:06 (3082 turns).

GlassEater the Poker (Merfolk Monk)                 Turns: 3082, Time: 00:05:07

Health: -4/63      AC:  3    Str: 20    XL:     5   Next: 31%
Magic:  5/5        EV: 15    Int: 10    God:
Gold:   168        SH:  0    Dex: 17    Spells: 4/4 levels left

rFire    . . .     SeeInvis .   a - +0 spear
rCold    + . .     Gourm    .   q - +0 leather armour
rNeg     . . .     Faith    .   (no shield)
rPois    .         Spirit   .   (no helmet)
rElec    .         Reflect  .   (no cloak)
rCorr    .         Harm     .   (no gloves)
MR       .....                  (no boots)
Stlth    ..........             (no amulet)
Regen    0.2/turn               (no ring)
MPRegen  0.1/turn               b - +4 ring of strength

@: berserking, very quick
A: change form in water, swift swim, stealthy swim, claws 1, cold resistance 1
a: no special abilities


You were on level 4 of the Dungeon.
You were not hungry.

You visited 1 branch of the dungeon, and saw 4 of its levels.

You collected 168 gold pieces.

Inventory:

Hand Weapons
 a - a +0 spear (weapon)
Armour
 q - a +0 leather armour (worn)
Jewellery
 b - a +4 ring of strength (left claw)
Scrolls
 d - a scroll of enchant weapon {unknown}
 i - 2 scrolls of fog {unknown}
 j - a scroll of teleportation {unknown}
 l - 2 scrolls of recharging
 m - a scroll of identify
 n - 2 scrolls of noise {unknown}
 p - a scroll of blinking {unknown}
 r - a scroll of magic mapping {unknown}
 s - a scroll of random uselessness {unknown}
 t - a scroll of remove curse {unknown}
Potions
 g - 2 potions of cancellation
 u - 2 potions of might {unknown}
Comestibles
 c - 4 bread rations
 f - 3 meat rations
 k - 7 fruits
 o - a royal jelly


   Skills:
 + Level 4.1 Fighting
 + Level 6.8 Polearms
 + Level 0.1 Armour
 + Level 5.1 Dodging
 - Level 2.1 Stealth


You had 4 spell levels left.
You didn't know any spells.

Dungeon Overview and Level Annotations

Branches:
Dungeon (4/15)
 Temple: D:4-7

Altars:
Uskayaw


Innate Abilities, Weirdness & Mutations

You revert to your normal form in water.
You are very nimble and swift while swimming.
You are very stealthy in the water. (Stealth+)
You have sharp fingernails.
Your flesh is cold resistant. (rC+)


Message History

The orc closely misses you.
The orc priest hits you but does no damage.
The orc hits you with a flail.
* * * LOW HITPOINT WARNING * * *
You barely miss the orc priest.
The orc priest is heavily wounded.
The orc barely misses you. The orc hits you with a club.
* * * LOW HITPOINT WARNING * * *
The orc priest completely misses you.
It was a potion of berserk rage.
A red film seems to cover your vision as you go berserk!
You feel yourself moving faster!
You feel mighty! The orc closely misses you. The orc misses you.
The orc hits you with a club.
* * * LOW HITPOINT WARNING * * *
You hit the orc priest.
The orc priest is heavily wounded.
The orc priest hits you with a falchion.
* * * LOW HITPOINT WARNING * * *
The orc hits you with a short sword.
You die...

.#
########.#.#.##....##
.#
...........#.#.......
.#
.........#<#.#.######
.#######.
######..#.........#
.........
#..#.#.#.###.#
.........
#####..#.#.#.....#
.........
#......#.#.#####.##
.########
#......#.#.....#...
.#
#o@....#.#####.#.##
'####### #ooo...#.#
#.#.# ........
#....###.# #.#'##
........ '........#
#..... ........
##....##### #.....
........ #....#
#..... ........
#....# #.....
........ #....#
#..... +#######
#.....


You could see an orc priest and 3 orcs.

Vanquished Creatures
  2 orc priests (D:3)
  An adder (D:2)
  3 oozes
  A worm (D:2)
  2 dart slugs
  A leopard gecko (D:3)
  4 orcs
  4 giant cockroaches
  6 goblins
  7 hobgoblins
  5 jackals (D:3)
  A quokka (D:3)
  2 ball pythons
  A bat (D:3)
  5 frilled lizards
  4 kobolds
  13 rats
62 creatures vanquished.

Notes
Turn   | Place    | Note
-------+----------+-------------------------------------------
     0 | D:1      | GlassEater the Merfolk Monk began the quest for the Orb.
     0 | D:1      | Reached XP level 1. HP: 18/18 MP: 1/1
   381 | D:1      | Reached XP level 2. HP: 24/24 MP: 2/2
  1165 | D:2      | Reached XP level 3. HP: 30/30 MP: 3/3
  1211 | D:2      | Reached skill level 5 in Polearms
  1593 | D:2      | Found a faded altar of an unknown god.
  2068 | D:3      | Found a hide-covered altar of Uskayaw.
  2183 | D:3      | Reached XP level 4. HP: 30/37 MP: 4/4
  2385 | D:3      | Reached skill level 6 in Polearms
  2504 | D:3      | Gained mutation: You have sharp fingernails. [potion of mutation]
  2504 | D:3      | Gained mutation: Your flesh is cold resistant. (rC+) [potion of mutation]
  2510 | D:3      | Reached skill level 5 in Dodging
  2510 | D:3      | Reached XP level 5. HP: 8/42 MP: 5/5
  2833 | D:4      | Noticed a phantom
  3078 | D:4      | HP: 1/42 [orc priest/divine providence (9)]
  3082 | D:4      | Slain by an orc

Vault maps used:
D:1:      dpeg_arrival_tiny_k
D:2:      first_bread, chequers_ecumenical_altar_twisty
D:3:      overflow_temple_1_default
D:4:      lemuel_round_altar, overflow_temple_1_default, lightli_temple_of_fire

Skill      XL: |  1  2  3  4 |
---------------+-------------+-----
Polearms       | 5 6 |  6.8
Fighting       | 4 |  4.1
Dodging        | 5 |  5.1
Armour         | |  0.1
Stealth        | |  2.1

Action                   |  1- 3 |  4- 6 || total
-------------------------+-------+-------++-------
Melee: Spear             |   142 |   113 ||   255
  Use: Scroll            |       |     6 ||     6
       Potion            |       |     8 ||     8
 Stab: Sleeping          |    10 |     1 ||    11
  Eat: Chunk             |     4 |     3 ||     7
Armor: Robe              |    10 |       ||    10
       Leather armour    |     5 |    14 ||    19
Dodge: Dodged            |    81 |    95 ||   176
